[Event "December 12 Early 2023"]
[Site "https://www.chess.com"]
[Date "2023.12.12"]
[Round "7"]
[White "Finek, Vaclav"]
[Black "Vokhidov, Shamsiddin"]
[Result "0-1"]
[Board "11"]
[TimeControl "180+1"]
[WhiteFideId "23718293"]
[BlackFideId "14204223"]
[WhiteElo "2851"]
[BlackElo "3009"]
[WhiteTeam "CZE"]
[BlackTeam "UZB"]
[WhiteClock "0:00:03"]
[BlackClock "0:00:26"]

1. d4 Nf6 2. g3 e6 3. c4 d5 4. Bg2 dxc4 5. Nf3 Bb4+ 6. Bd2 a5 7. O-O O-O 8. Qc2 b5 9. Bg5 Bb7 10. Bxf6 Qxf6 11. Ng5 Qxg5 12. Bxb7 Ra7 13. Be4 g6 14. a4 c6 15. e3 Rc8 16. Nc3 Bxc3 17. Qxc3 Nd7 18. b3 cxb3 19. Qxb3 b4 20. Rac1 c5 21. Rfd1 Rac7 22. d5 c4 23. Qb1 exd5 24. Rxd5 Qe7 25. Rxa5 b3 26. Rb5 Qa3 27. Bd5 Qxa4 28. Rb7 Rxb7 29. Bxb7 Rc7 30. Bd5 Nb6 31. e4 Nxd5 32. exd5 c3 33. d6 Rc8 34. d7 Qxd7 35. Qxb3 c2 36. Qe3 Qd5 37. Qe2 Qc6 38. Qd2 h5 39. h4 Qe4 40. Kh2 Rc6 41. Qd8+ Kg7 42. Qd2 Qf5 43. Qd4+ Qf6 44. Qd2 Qc3 45. Qe2 Qc4 46. Qd2 Qe4 47. Kg1 Rc5 48. Kh2 Qc6 49. Qd4+ Kh7 50. Qd2 Rc4 51. Qd3 Qc7 52. Qd2 Rxh4+ 53. Kg1 Rc4 54. Qd3 Qc6 55. Qd8 h4 56. gxh4 Rg4+ 57. Kf1 Qh1+ 58. Ke2 Qxc1 59. Qd7 Re4+ 60. Kf3 Qf4+ 61. Kg2 0-1

[Event "December 12 Early 2023"]
[Site "https://www.chess.com"]
[Date "2023.12.12"]
[Round "7"]
[White "Daneshvar, Bardiya"]
[Black "Klymchuk, Andriy"]
[Result "0-1"]
[Board "12"]
[TimeControl "180+1"]
[WhiteFideId "12576468"]
[BlackFideId "14140063"]
[WhiteElo "2979"]
[BlackElo "2843"]
[WhiteTeam "IRI"]
[BlackTeam "UKR"]
[WhiteClock "0:01:36"]
[BlackClock "0:01:22"]

1. Nf3 c5 2. c4 g6 3. Nc3 Bg7 4. g3 Nf6 5. Bg2 O-O 6. O-O Nc6 7. d4 cxd4 8. Nxd4 Nxd4 9. Qxd4 d6 10. Qd3 Bf5 11. e4 Be6 12. Be3 Qa5 13. Bd4 Rfc8 14. b3 a6 15. h3 Rab8 16. a4 Nd7 17. Ne2 Nc5 18. Qe3 Qb4 19. Bxg7 Kxg7 20. Nd4 a5 21. f4 Bd7 22. e5 Bc6 23. exd6 exd6 24. f5 Bxg2 25. Kxg2 Re8 26. f6+ Kh8 27. Qh6 Rg8 28. Nf3 g5 29. Rf2 Rg6 30. Qh5 Ne4 31. Nxg5 Rxg5 32. Qxf7 Rxg3+ 33. Kh2 Rbg8 34. Re2 Rxh3+ 0-1

[Event "December 12 Early 2023"]
[Site "https://www.chess.com"]
[Date "2023.12.12"]
[Round "7"]
[White "Zhigalko, Sergei"]
[Black "Materia, Marco"]
[Result "0-1"]
[Board "13"]
[TimeControl "180+1"]
[WhiteFideId "13502956"]
[BlackFideId "45150451"]
[WhiteElo "2956"]
[BlackElo "2835"]
[WhiteTeam "BLR"]
[BlackTeam "FRA"]
[WhiteClock "0:00:00"]
[BlackClock "0:00:41"]

1. e4 c5 2. Nf3 e6 3. c3 d5 4. e5 d4 5. Bd3 Nc6 6. O-O Nge7 7. Re1 g6 8. Na3 Bg7 9. Nc4 O-O 10. a4 b6 11. Be4 Ba6 12. Qb3 Rb8 13. d3 Bxc4 14. dxc4 Nxe5 15. Bf4 Nxf3+ 16. Bxf3 e5 17. Bxe5 Bxe5 18. Rxe5 dxc3 19. Qxc3 Nf5 20. Bd5 Nd4 21. Rae1 Qf6 22. Re7 a6 23. h3 b5 24. cxb5 axb5 25. a5 Qd6 26. R1e5 Kh8 27. a6 f6 0-1

[Event "December 12 Early 2023"]
[Site "https://www.chess.com"]
[Date "2023.12.12"]
[Round "7"]
[White "Goh, Wei Ming Kevin"]
[Black "Zakhartsov, Vladimir"]
[Result "0-1"]
[Board "14"]
[TimeControl "180+1"]
[WhiteFideId "5800706"]
[BlackFideId "4145097"]
[WhiteElo "2776"]
[BlackElo "2925"]
[WhiteTeam "SGP"]
[BlackTeam "RUS"]
[WhiteClock "0:00:00"]
[BlackClock "0:00:04"]

1. e4 c5 2. Nf3 Nc6 3. b4 d6 4. b5 Nd4 5. c3 Nxf3+ 6. Qxf3 Nf6 7. d4 cxd4 8. cxd4 e5 9. Bc4 Qc7 10. Nd2 Be7 11. O-O O-O 12. Bb2 Bg4 13. Qg3 Qd7 14. a4 Nh5 15. Qe3 Nf4 16. dxe5 Bg5 17. Qc3 Rac8 18. exd6 Ne2+ 19. Bxe2 Rxc3 20. Bxg4 Qxd6 21. Bxc3 Bxd2 22. Rfd1 Qf4 23. Bxd2 Qxg4 24. f3 Qe6 25. Be3 a6 26. Bf2 h6 27. Rab1 Qa2 28. Ra1 Qe6 29. Rab1 Rc8 30. Rd2 Rc4 31. bxa6 bxa6 32. a5 Ra4 33. Bb6 Kh7 34. Rbd1 Qc6 35. h3 Ra3 36. Rd6 Qc2 37. R6d2 Qc3 38. Kh2 Qe5+ 39. Kg1 Qg3 40. Kh1 Qg6 41. Rd6 Qg3 42. R6d2 Rb3 43. Rf1 h5 44. Rfd1 Qf4 45. Rd3 Rb2 46. Rg1 Ra2 47. Rd5 Kg6 48. Rf5 Qd2 49. Rd5 Qe2 50. Rd6+ f6 51. Rd5 Rc2 52. Rdd1 Qc4 53. Rde1 Qe6 54. Ref1 Kh7 55. Re1 Rc3 56. Rc1 Rxf3 57. Rce1 Rxh3+ 0-1

[Event "December 12 Early 2023"]
[Site "https://www.chess.com"]
[Date "2023.12.12"]
[Round "7"]
[White "Maksimovic, Bojan"]
[Black "Matinian, Nikita"]
[Result "0-1"]
[Board "15"]
[TimeControl "180+1"]
[WhiteFideId "14408120"]
[BlackFideId "24129100"]
[WhiteElo "2915"]
[BlackElo "2758"]
[WhiteTeam "BIH"]
[BlackTeam "FID"]
[WhiteClock "0:00:00"]
[BlackClock "0:00:39"]

1. e4 c5 2. Nf3 d6 3. d4 cxd4 4. Nxd4 Nf6 5. Nc3 g6 6. Be3 Nc6 7. f3 h5 8. Bc4 Bg7 9. Qd2 Ne5 10. Bb3 Bd7 11. O-O-O a5 12. a4 Rc8 13. Kb1 Nc4 14. Qe2 Nxe3 15. Qxe3 O-O 16. Ndb5 Rc5 17. h3 Qb6 18. Qe2 Rfc8 19. Rd3 Be6 20. Bxe6 fxe6 21. g4 Nd7 22. Ka1 Ne5 23. gxh5 Nxd3 24. Qxd3 Rxh5 25. e5 Kh7 26. exd6 exd6 27. Re1 Re5 28. Rd1 d5 29. f4 Re3 30. Qd2 Rcxc3 31. Nxc3 Rxc3 32. bxc3 Qb4 0-1

[Event "December 12 Early 2023"]
[Site "https://www.chess.com"]
[Date "2023.12.12"]
[Round "7"]
[White "Fedoseev, Vladimir"]
[Black "Weetik, Vjacheslav"]
[Result "1-0"]
[Board "16"]
[TimeControl "180+1"]
[WhiteFideId "24130737"]
[BlackFideId "4153472"]
[WhiteElo "3042"]
[BlackElo "2766"]
[WhiteTeam "SLO"]
[BlackTeam "RUS"]
[WhiteClock "0:00:13"]
[BlackClock "0:00:46"]

1. e4 c6 2. d4 d5 3. exd5 cxd5 4. Bd3 Nf6 5. c3 Bg4 6. Qb3 Qc7 7. Bg5 e6 8. Nd2 Nc6 9. Ngf3 Bd6 10. h3 Bh5 11. O-O O-O 12. Rae1 Rab8 13. a4 a6 14. Qc2 Bg6 15. Bxg6 hxg6 16. Qd3 b5 17. axb5 axb5 18. Ra1 b4 19. c4 dxc4 20. Nxc4 Bf4 21. Bxf6 gxf6 22. Rfd1 Rfd8 23. b3 Ne7 24. Ra5 Nd5 25. Rda1 Kg7 26. Ra6 Rb7 27. Kf1 Qe7 28. Na5 Rc7 29. Nc6 Rxc6 30. Rxc6 Bb8 31. g3 Qb7 32. Qa6 Qe7 33. Rc8 g5 34. Rxd8 Qxd8 35. Qb7 Bd6 36. Ra8 Qc7 37. Qxc7 Bxc7 38. Nd2 f5 39. Nc4 Bd8 40. Rxd8 1-0

[Event "December 12 Early 2023"]
[Site "https://www.chess.com"]
[Date "2023.12.12"]
[Round "7"]
[White "Bortnyk, Olexandr"]
[Black "Koelle, Tobias"]
[Result "1-0"]
[Board "17"]
[TimeControl "180+1"]
[WhiteFideId "14120828"]
[BlackFideId "16207378"]
[WhiteElo "3003"]
[BlackElo "2826"]
[WhiteTeam "UKR"]
[BlackTeam "GER"]
[WhiteClock "0:00:26"]
[BlackClock "0:00:21"]

1. e4 e5 2. Nf3 Nf6 3. Nxe5 d5 4. d4 Nxe4 5. Bd3 Bd6 6. O-O O-O 7. c4 c6 8. Nc3 Nxc3 9. bxc3 Nd7 10. f4 Nf6 11. cxd5 cxd5 12. f5 Qc7 13. Bg5 Qxc3 14. Nf3 Ne4 15. Rc1 Qa5 16. f6 g6 17. Bh6 Re8 18. Ng5 Nxg5 19. Bxg5 Qxa2 20. Qf3 Be6 21. Bf4 Bf8 22. h4 h5 23. Be5 Bg4 24. Qf4 Kh7 25. Rc7 Kg8 26. Bxg6 Be6 27. Bxf7+ 1-0

[Event "December 12 Early 2023"]
[Site "https://www.chess.com"]
[Date "2023.12.12"]
[Round "7"]
[White "Klukin, Kirill"]
[Black "Khismatullin, Denis"]
[Result "1/2-1/2"]
[Board "18"]
[TimeControl "180+1"]
[WhiteFideId "24199273"]
[BlackFideId "4142578"]
[WhiteElo "2806"]
[BlackElo "2977"]
[WhiteTeam "RUS"]
[BlackTeam "RUS"]
[WhiteClock "0:00:18"]
[BlackClock "0:00:21"]

1. d4 Nf6 2. Nf3 e6 3. c4 Bb4+ 4. Nc3 Bxc3+ 5. bxc3 d6 6. Bg5 h6 7. Bh4 g5 8. Bg3 Ne4 9. Qc2 f5 10. e3 Nd7 11. Bd3 Ndf6 12. Nd2 Nxd2 13. Qxd2 b6 14. f3 Bb7 15. a4 Qe7 16. a5 O-O 17. axb6 axb6 18. O-O Nh5 19. Bf2 e5 20. Qc2 e4 21. fxe4 Bxe4 22. Bxe4 Qxe4 23. Qxe4 fxe4 24. Rfb1 Nf6 25. h3 Kg7 26. Bg3 Nd7 27. Kh2 Kg6 28. Kg1 Kf7 29. Rf1+ Ke6 30. Kh2 Nf6 31. c5 bxc5 32. dxc5 Rxa1 33. Rxa1 Nd5 34. cxd6 cxd6 35. Rd1 Rd8 36. Rd4 Nf6 37. c4 Rd7 38. Kg1 d5 39. c5 Ra7 40. c6 Ra1+ 41. Kh2 Rc1 42. c7 h5 43. h4 Ng4+ 44. Kh3 Rh1+ 45. Bh2 Rc1 46. hxg5 Nxh2 47. Kxh2 Rxc7 48. Kg3 Rd7 49. Kh4 Kf5 50. Rd1 Kg6 51. Rf1 d4 52. exd4 Rxd4 53. Rf6+ Kg7 54. Kxh5 Rd2 55. Re6 Rxg2 56. Rxe4 Rh2+ 57. Kg4 Ra2 58. Re7+ Kg6 59. Re6+ Kf7 60. Rb6 Kg7 61. Kf5 Rf2+ 62. Kg4 Rg2+ 63. Kh5 Rh2+ 64. Kg4 Rg2+ 65. Kf4 Rf2+ 66. Kg3 Rf1 67. Rb4 Rg1+ 68. Kf4 Rf1+ 69. Kg4 Rg1+ 70. Kf5 Rf1+ 71. Rf4 Rxf4+ 72. Kxf4 Kg6 73. Kg4 Kg7 74. Kf5 Kf7 75. g6+ Kg7 76. Kg5 Kg8 77. Kh6 Kh8 78. g7+ Kg8 79. Kg6 1/2-1/2

[Event "December 12 Early 2023"]
[Site "https://www.chess.com"]
[Date "2023.12.12"]
[Round "7"]
[White "Dragun, Kamil"]
[Black "Nguyen, Ngoc Truong Son"]
[Result "0-1"]
[Board "19"]
[TimeControl "180+1"]
[WhiteFideId "1134167"]
[BlackFideId "12401110"]
[WhiteElo "2801"]
[BlackElo "2943"]
[WhiteTeam "POL"]
[BlackTeam "VIE"]
[WhiteClock "0:00:09"]
[BlackClock "0:00:18"]

1. d4 d5 2. c4 c6 3. Nc3 Nf6 4. e3 e6 5. Nf3 Nbd7 6. Be2 Bd6 7. O-O O-O 8. b3 Qe7 9. Bb2 b6 10. Re1 Bb7 11. Rc1 Rac8 12. Bd3 c5 13. cxd5 exd5 14. Bf5 g6 15. Bh3 Rcd8 16. Qc2 Ne4 17. Nxe4 dxe4 18. Nd2 f5 19. Nc4 Bb8 20. dxc5 bxc5 21. Qc3 Nf6 22. Red1 Kf7 23. g3 Rd3 24. Rxd3 exd3 25. Qxd3 Qe4 26. Qxe4 Nxe4 27. Bg2 Rd8 28. Bf3 Ke6 29. Rd1 Rxd1+ 30. Bxd1 Bd5 31. Be2 g5 32. f3 Nd6 33. Nxd6 Bxd6 34. Bc4 h5 35. Kf2 g4 36. e4 fxe4 37. fxe4 Bxc4 38. bxc4 Be7 39. Ke2 a6 40. Bc1 Ke5 41. Kd3 Ke6 42. Bf4 Bf8 43. Kc3 Bg7+ 44. Kb3 Bd4 45. Ka4 Bg1 46. Ka5 Bxh2 47. Kxa6 h4 48. Kb7 Bxg3 49. Be3 h3 50. Bg1 h2 51. Bxh2 Bxh2 52. a4 g3 53. a5 g2 54. a6 g1=Q 0-1

[Event "December 12 Early 2023"]
[Site "https://www.chess.com"]
[Date "2023.12.12"]
[Round "7"]
[White "Sychev, Klementy"]
[Black "Yuan, Qingyu"]
[Result "1-0"]
[Board "20"]
[TimeControl "180+1"]
[WhiteFideId "4114060"]
[BlackFideId "8609772"]
[WhiteElo "2934"]
[BlackElo "2791"]
[WhiteTeam "FID"]
[BlackTeam "CHN"]
[WhiteClock "0:00:18"]
[BlackClock "0:00:02"]

1. e4 e5 2. Nc3 Nf6 3. f4 d5 4. fxe5 Nxe4 5. Qf3 Nc6 6. Bb5 Nxc3 7. dxc3 Qh4+ 8. g3 Qe4+ 9. Be3 Qxe5 10. O-O-O Be6 11. Ne2 O-O-O 12. Bxc6 bxc6 13. Nd4 Kb7 14. Rhe1 Bd6 15. Nb3 Qf5 16. Na5+ Kc8 17. Qe2 Kd7 18. Qa6 Ra8 19. Qxc6+ Ke7 20. Bc5 Rhd8 21. Qxc7+ Ke8 22. Bxd6 Rd7 23. Qc6 Rd8 24. Bb4 h5 25. Nb7 Qg5+ 26. Kb1 Rb8 27. Rxe6+ fxe6 28. Qxe6+ Re7 29. Qg8+ Kd7 30. Qxb8 Qg4 31. Rc1 Ke6 32. Qd6+ Kf5 33. Qxe7 Qe4 34. Nd6+ Kg4 35. Nxe4 1-0

[Event "December 12 Early 2023"]
[Site "https://www.chess.com"]
[Date "2023.12.12"]
[Round "7"]
[White "Lagarde, Maxime"]
[Black "Kovalev, Vladislav"]
[Result "1-0"]
[Board "21"]
[TimeControl "180+1"]
[WhiteFideId "662399"]
[BlackFideId "13504398"]
[WhiteElo "2780"]
[BlackElo "2899"]
[WhiteTeam "FRA"]
[BlackTeam "FID"]
[WhiteClock "0:00:59"]
[BlackClock "0:00:00"]

1. d4 Nf6 2. Bg5 c5 3. d5 Qb6 4. Nc3 d6 5. e4 g6 6. Bb5+ Bd7 7. Bxf6 exf6 8. a4 Bg7 9. Nf3 O-O 10. O-O a6 11. Bxd7 Nxd7 12. Qc1 Qa5 13. Nd2 Rfe8 14. Nc4 Qc7 15. a5 Re7 16. Qf4 Ne5 17. Ne3 Rae8 18. Qg3 Nd7 19. Nc4 Ne5 20. Ne3 c4 21. Ra4 b5 22. axb6 Qxb6 23. Nxc4 Nxc4 24. Rxc4 Qxb2 25. Qd3 f5 26. exf5 Re1 27. g3 Qa1 28. Rxe1 Rxe1+ 29. Kg2 Rg1+ 30. Kh3 Bxc3 31. Rxc3 gxf5 32. Qe3 Qf1+ 33. Kh4 1-0

[Event "December 12 Early 2023"]
[Site "https://www.chess.com"]
[Date "2023.12.12"]
[Round "7"]
[White "Bardyk, Artem"]
[Black "Steinberg, Nitzan"]
[Result "0-1"]
[Board "22"]
[TimeControl "180+1"]
[WhiteFideId "34349979"]
[BlackFideId "2801795"]
[WhiteElo "2771"]
[BlackElo "2884"]
[WhiteTeam "RUS"]
[BlackTeam "ISR"]
[WhiteClock "0:00:00"]
[BlackClock "0:00:11"]

1. e4 c5 2. c3 d5 3. exd5 Nf6 4. Bb5+ Nbd7 5. Nf3 a6 6. Be2 Nxd5 7. d4 e6 8. O-O Be7 9. c4 N5f6 10. dxc5 Bxc5 11. b3 O-O 12. Bb2 b6 13. Nd4 Bb7 14. Bf3 Qc7 15. Bxb7 Qxb7 16. Qf3 Qc7 17. Rd1 Ne5 18. Qe2 Rad8 19. h3 Rd7 20. Na3 Rfd8 21. Nf3 Nd3 22. Bxf6 gxf6 23. Nc2 Bxf2+ 24. Kf1 Bc5 25. Qe4 Qg3 26. Rd2 Nf2 27. Qe2 Rxd2 28. Nxd2 Nxh3 29. Ne4 Qf4+ 30. Qf3 Qxf3+ 31. gxf3 Ng5 32. Nxf6+ Kg7 33. Nh5+ Kh6 34. Nf6 Rd2 35. Ng4+ Kg7 36. Ne1 h5 37. b4 Bd4 0-1

[Event "December 12 Early 2023"]
[Site "https://www.chess.com"]
[Date "2023.12.12"]
[Round "7"]
[White "Gormally, Daniel W"]
[Black "Ilamparthi A R"]
[Result "0-1"]
[Board "23"]
[TimeControl "180+1"]
[WhiteFideId "406465"]
[BlackFideId "45015775"]
[WhiteElo "2767"]
[BlackElo "2878"]
[WhiteTeam "ENG"]
[BlackTeam "IND"]
[WhiteClock "0:00:34"]
[BlackClock "0:00:54"]

1. d4 Nf6 2. c4 g6 3. Nc3 Bg7 4. e4 d6 5. f3 O-O 6. Bg5 c5 7. d5 a6 8. a4 e6 9. Qd2 exd5 10. cxd5 h6 11. Be3 Re8 12. Nge2 Nbd7 13. Ng3 h5 14. h4 Ne5 15. Be2 Bd7 16. Bg5 Rb8 17. O-O b5 18. axb5 axb5 19. Ra6 b4 20. Nd1 Qc7 21. Ne3 c4 22. Rc1 Bb5 23. Raa1 Rec8 24. Qxb4 Nh7 25. Qd2 Nxg5 26. hxg5 Qb6 27. Kh1 Nd3 28. Bxd3 cxd3 29. Ngf1 Qd4 30. Rxc8+ Rxc8 31. Ra5 Qb6 32. Qb4 Rc1 33. Kh2 Be5+ 34. g3 Rc2+ 35. Kh1 Rxb2 36. Qa3 d2 37. Ra8+ Kg7 0-1

[Event "December 12 Early 2023"]
[Site "https://www.chess.com"]
[Date "2023.12.12"]
[Round "7"]
[White "Novozhilov, Semen"]
[Black "Bocharov, Dmitry"]
[Result "1-0"]
[Board "24"]
[TimeControl "180+1"]
[WhiteFideId "24289167"]
[BlackFideId "4138716"]
[WhiteElo "2749"]
[BlackElo "2877"]
[WhiteTeam "RUS"]
[BlackTeam "RUS"]
[WhiteClock "0:01:01"]
[BlackClock "0:00:44"]

1. d4 Nf6 2. Nf3 g6 3. Nc3 d5 4. Bf4 Bg7 5. Nb5 Na6 6. e3 O-O 7. Be2 Nh5 8. h4 c6 9. Nc3 c5 10. Be5 f6 11. Bh2 f5 12. Ne5 Nf6 13. Bf4 Qb6 14. Na4 Qa5+ 15. c3 b5 16. Nc6 Qxa4 17. Qxa4 bxa4 18. Nxe7+ Kh8 19. Nxc8 c4 20. Nd6 Nc7 21. Nxc4 Ne6 22. Ne5 Nxf4 23. exf4 Rab8 24. O-O-O Ne4 25. f3 Ng3 26. Rhe1 a3 27. b3 Rbc8 28. Kc2 Bh6 29. Ba6 Rc7 30. Nd3 Rf6 31. Re8+ Kg7 32. Bb5 a6 33. Ba4 Nh5 34. g4 fxg4 35. fxg4 Nxf4 36. g5 1-0

[Event "December 12 Early 2023"]
[Site "https://www.chess.com"]
[Date "2023.12.12"]
[Round "7"]
[White "Mikaelyan, Arman"]
[Black "Poormosavi, Seyed Kian"]
[Result "0-1"]
[Board "25"]
[TimeControl "180+1"]
[WhiteFideId "13304852"]
[BlackFideId "12585807"]
[WhiteElo "2867"]
[BlackElo "2715"]
[WhiteTeam "ARM"]
[BlackTeam "IRI"]
[WhiteClock "0:00:00"]
[BlackClock "0:00:22"]

1. d4 Nf6 2. c4 b6 3. Nc3 Bb7 4. f3 d5 5. cxd5 Nxd5 6. e4 Nxc3 7. bxc3 e6 8. Be3 Be7 9. Bb5+ c6 10. Bd3 O-O 11. Ne2 c5 12. O-O Nc6 13. a3 Rc8 14. Kh1 Qd7 15. f4 cxd4 16. cxd4 Na5 17. f5 Nc4 18. fxe6 Qxe6 19. Bg1 Bxe4 20. Nf4 Qf5 21. Bxe4 Qxe4 22. Qh5 g6 23. Qh6 Qf5 24. Nh3 Qd5 25. Rae1 Rce8 26. Rf4 Bd8 27. Ref1 Nd2 28. R1f2 Ne4 29. Rf1 f5 30. R4f3 Rf7 31. Nf4 Qd6 32. Nh3 Bf6 33. Qc1 Rc7 34. Qb2 Rec8 35. Qb3+ Kg7 36. Nf4 Rc3 37. Qb5 Rxf3 38. Rxf3 Nd2 39. Rf2 Nc4 0-1

[Event "December 12 Early 2023"]
[Site "https://www.chess.com"]
[Date "2023.12.12"]
[Round "7"]
[White "Pakleza, Zbigniew"]
[Black "Kazakouski, Valery"]
[Result "1-0"]
[Board "26"]
[TimeControl "180+1"]
[WhiteFideId "1119290"]
[BlackFideId "13507443"]
[WhiteElo "2708"]
[BlackElo "2858"]
[WhiteTeam "POL"]
[BlackTeam "LTU"]
[WhiteClock "0:00:08"]
[BlackClock "0:00:04"]

1. d4 d5 2. Nf3 Nf6 3. Bf4 e6 4. Nbd2 Bd6 5. Bg3 O-O 6. e3 b6 7. c3 Ba6 8. Bxa6 Nxa6 9. Ne5 Nb8 10. O-O c5 11. Qe2 Qc7 12. Nef3 Bxg3 13. hxg3 Nc6 14. Rac1 Rac8 15. Rfd1 Rfd8 16. a3 a5 17. Qb5 Na7 18. Qe2 Qb7 19. Ne5 h6 20. a4 Rc7 21. Rb1 cxd4 22. exd4 Nc8 23. g4 Nd6 24. Qe3 b5 25. axb5 Qxb5 26. g5 hxg5 27. Qxg5 Rb8 28. Qh4 Qe2 29. Qf4 Rcb7 30. Re1 Qa6 31. b3 Nde4 32. Nxe4 dxe4 33. Ng4 Nd5 34. Qg5 Nxc3 35. Nf6+ Kf8 36. Qc5+ Re7 37. Nd7+ Ke8 38. Nxb8 Qb7 39. Qxc3 Qxb8 40. Rbc1 Rd7 41. Qc8+ Qxc8 42. Rxc8+ Ke7 43. Rxe4 Rb7 44. Ra8 Rxb3 45. Ra7+ Kf6 46. Rf4+ Kg5 47. Rfxf7 Rb1+ 48. Kh2 1-0

[Event "December 12 Early 2023"]
[Site "https://www.chess.com"]
[Date "2023.12.12"]
[Round "7"]
[White "Vakhlamov, Igor L."]
[Black "Zavgorodniy, Sergiy"]
[Result "1-0"]
[Board "27"]
[TimeControl "180+1"]
[WhiteFideId "24126748"]
[BlackFideId "14110148"]
[WhiteElo "2839"]
[BlackElo "2705"]
[WhiteTeam "RUS"]
[BlackTeam "UKR"]
[WhiteClock "0:00:10"]
[BlackClock "0:00:01"]

1. e4 e5 2. Nf3 d6 3. Nc3 Nf6 4. d4 exd4 5. Qxd4 Nc6 6. Bb5 Bd7 7. Bxc6 Bxc6 8. O-O Be7 9. Bg5 O-O 10. Rad1 h6 11. Bh4 Nd7 12. Bxe7 Qxe7 13. Rfe1 Rfe8 14. h3 Qf6 15. Qc4 Ne5 16. Nxe5 Rxe5 17. Re3 Rae8 18. a4 a5 19. Qd4 g5 20. Rdd3 Qe6 21. b3 Qe7 22. Nd5 Bxd5 23. exd5 b6 24. Qc4 Qd7 25. Qc3 Rxe3 26. Rxe3 Rxe3 27. Qxe3 Kf8 28. h4 Qg4 29. hxg5 hxg5 30. f3 Qf5 31. c4 Qe5 32. Qd2 Ke7 33. Kf2 Kd7 34. Qd3 f5 35. g3 Ke7 36. Kg2 Kf6 37. Qd2 f4 38. gxf4 gxf4 39. Qc2 Qg5+ 40. Kf1 Qh5 41. Qe4 Qh1+ 42. Ke2 Qh2+ 43. Kd3 Qh4 44. Qe6+ 1-0

[Event "December 12 Early 2023"]
[Site "https://www.chess.com"]
[Date "2023.12.12"]
[Round "7"]
[White "Terry, Renato"]
[Black "Goltsev, Dmitry"]
[Result "1-0"]
[Board "28"]
[TimeControl "180+1"]
[WhiteFideId "3803457"]
[BlackFideId "24176710"]
[WhiteElo "2962"]
[BlackElo "2672"]
[WhiteTeam "PER"]
[BlackTeam "RUS"]
[WhiteClock "0:00:04"]
[BlackClock "0:00:03"]

1. d4 e6 2. c4 b6 3. a3 Nf6 4. Nc3 Bb7 5. Bg5 h6 6. Bxf6 gxf6 7. e4 d6 8. Qh5 Rg8 9. Nf3 Nd7 10. d5 e5 11. g3 Nc5 12. b4 Bc8 13. Bh3 Nb3 14. Rd1 a5 15. O-O axb4 16. axb4 Ra3 17. Nb5 Ra2 18. Rb1 Nd2 19. Nxd2 Rg5 20. Qh4 Rxd2 21. Ra1 Bxh3 22. Qxh3 Ke7 23. Ra7 f5 24. exf5 Kf6 25. Nc3 Rd4 26. Re1 Rxf5 27. Ne4+ Kg6 28. Qg4+ Rg5 29. Qe2 Rf5 30. Rea1 Qe7 31. Ra8 h5 32. h4 Bg7 33. Rg8 Kh7 34. Raa8 b5 35. cxb5 Rxb4 36. Qc2 Kg6 37. Rac8 Qd7 38. Rxc7 Qxb5 39. Nc3 Qb6 40. Rd7 Rb2 41. Rxg7+ Kxg7 42. Qxf5 Kh8 43. Qf6+ Kg8 44. Qxf7+ Kh8 45. Qf8# 1-0

[Event "December 12 Early 2023"]
[Site "https://www.chess.com"]
[Date "2023.12.12"]
[Round "7"]
[White "Aaditya Dhingra"]
[Black "Ivic, Velimir"]
[Result "0-1"]
[Board "29"]
[TimeControl "180+1"]
[WhiteFideId "25678191"]
[BlackFideId "950122"]
[WhiteElo "2690"]
[BlackElo "2946"]
[WhiteTeam "IND"]
[BlackTeam "SRB"]
[WhiteClock "0:01:01"]
[BlackClock "0:00:27"]

1. Nf3 Nc6 2. e4 e5 3. Bc4 Nf6 4. d3 Bc5 5. c3 O-O 6. O-O d6 7. a4 a5 8. h3 h6 9. Re1 Be6 10. Nbd2 Bxc4 11. dxc4 Re8 12. Nf1 Qd7 13. Qd3 Qe6 14. Ne3 Bxe3 15. Bxe3 b6 16. Nh2 Rf8 17. Nf1 Ne7 18. Ng3 Nd7 19. b3 f5 20. exf5 Nxf5 21. Nxf5 Rxf5 22. Qd5 Re8 23. Red1 Rf7 24. b4 Qxd5 25. cxd5 Ra8 26. Rdb1 Nf6 27. bxa5 Rxa5 28. c4 Rf8 29. Bd2 Ra7 30. a5 Rfa8 31. Rb5 g5 32. f3 Kf7 33. Kf2 Nd7 34. Bc3 Ke7 35. h4 gxh4 36. Kg1 bxa5 37. Rbxa5 Rxa5 38. Rxa5 Rxa5 39. Bxa5 Nb6 40. Bxb6 cxb6 41. Kh2 Kf6 42. Kh3 Kg5 43. Kh2 e4 44. fxe4 Kf4 45. Kh3 Kxe4 46. Kxh4 Kd4 47. g4 Kxc4 48. Kh5 b5 49. Kxh6 b4 50. g5 b3 51. g6 b2 52. g7 b1=Q 53. g8=Q Qh1+ 54. Kg7 Qg2+ 55. Kf8 Qxg8+ 56. Kxg8 Kxd5 0-1

[Event "December 12 Early 2023"]
[Site "https://www.chess.com"]
[Date "2023.12.12"]
[Round "7"]
[White "Nagare Kaivalya Sandip"]
[Black "Chigaev, Maksim"]
[Result "0-1"]
[Board "30"]
[TimeControl "180+1"]
[WhiteFideId "25957929"]
[BlackFideId "4108116"]
[WhiteElo "2682"]
[BlackElo "2917"]
[WhiteTeam "IND"]
[BlackTeam "ESP"]
[WhiteClock "0:00:03"]
[BlackClock "0:00:07"]

1. e4 c5 2. Nf3 g6 3. d4 cxd4 4. Nxd4 Bg7 5. c4 Nc6 6. Be3 Qb6 7. Nb3 Qd8 8. Nc3 Bxc3+ 9. bxc3 Nf6 10. Bd3 d6 11. O-O O-O 12. h3 b6 13. f4 Bb7 14. a4 Rc8 15. Qe2 Qc7 16. Nd4 Na5 17. Nb5 Qb8 18. Bd4 Nb3 19. Rab1 Nc5 20. Bxf6 exf6 21. Bc2 Rfe8 22. Rfe1 Bxe4 23. Bxe4 Rxe4 24. Qd2 Rxc4 25. Nxd6 Rd8 26. Nxc4 Rxd2 27. Nxd2 Qxf4 28. Nf3 Nxa4 29. Rbd1 Nxc3 30. Rd8+ Kg7 31. Rd7 Ne4 32. Rxa7 f5 33. h4 h6 34. Rd1 Qe3+ 35. Kh2 Nf6 36. Re1 Ng4+ 37. Kh1 Qb3 38. Ree7 b5 39. Rab7 b4 40. Re1 f4 41. Nd4 Qg3 42. Nf3 Ne3 43. Re2 g5 44. hxg5 hxg5 45. Rxb4 g4 46. Nh2 Nf5 47. Rb1 Qh4 48. Kg1 Ng3 49. Rf2 Qg5 50. Re1 Qc5 51. Nf1 f5 52. Rd1 Ne4 53. Rd2 Nxf2 54. Rxf2 g3 55. Nxg3 fxg3 56. Kh1 gxf2 57. Kh2 f1=Q 0-1

[Event "December 12 Early 2023"]
[Site "https://www.chess.com"]
[Date "2023.12.12"]
[Round "7"]
[White "Durarbayli, Vasif"]
[Black "Yeritsyaan"]
[Result "1-0"]
[Board "31"]
[TimeControl "180+1"]
[WhiteFideId "13402935"]
[WhiteElo "2900"]
[BlackElo "2670"]
[WhiteTeam "AZE"]
[WhiteClock "0:00:20"]
[BlackClock "0:00:03"]

1. e4 e5 2. Nf3 Nf6 3. Nxe5 d6 4. Nf3 Nxe4 5. d4 d5 6. Bd3 Bd6 7. O-O O-O 8. c4 c6 9. Qc2 Re8 10. Nc3 Nxc3 11. bxc3 h6 12. h3 dxc4 13. Bxc4 Nd7 14. Bxh6 Nf8 15. Bg5 Be7 16. Bf4 Be6 17. Bd3 Bd6 18. Bg5 Be7 19. Be3 Bd5 20. Ne5 b5 21. a4 a6 22. c4 bxc4 23. Nxc4 Bf6 24. a5 Ne6 25. Rfd1 Ra7 26. Nb6 Rae7 27. Bxa6 g6 28. Nxd5 Qxd5 29. Bc4 Qh5 30. Bxe6 Rxe6 31. a6 Ra8 32. Ra4 Qd5 33. Qc5 Qb3 34. Rda1 Rxe3 35. fxe3 Qxe3+ 36. Kh1 Be7 37. Qxc6 Rf8 38. a7 Qf4 39. Qf3 Qg5 40. a8=Q Rxa8 41. Rxa8+ Kg7 42. R8a7 Kg8 43. Rf1 f5 44. Qa8+ Kf7 45. Qb7 Qf6 46. Qxe7+ Qxe7 47. Rxe7+ Kxe7 48. Rd1 1-0